 Dungeon Crawl Stone Soup version 0.21-a0-210-gbfa5647 (webtiles) character file.

23 Leibowitz the Cutter (level 3, 22/22 HPs)
             Began as a Kobold Gladiator on Aug 21, 2017.
             Was a Follower of the Shining One.
             Quit the game on level 2 of the Dungeon.
             The game lasted 00:01:46 (607 turns).

Leibowitz the Cutter (Kobold Gladiator)              Turns: 607, Time: 00:01:46

Health: 22/22      AC:  4    Str: 11    XL:     3   Next: 10%
Magic:  3/3        EV: 16    Int:  9    God:    the Shining One [*.....]
Gold:   64         SH:  0    Dex: 17    Spells: 2/2 levels left

rFire    . . .     SeeInvis .   a - +0 rapier
rCold    . . .     Gourm    .   (shield restricted)
rNeg     . . .     Faith    .   b - +0 leather armour
rPois    .         Spirit   .   c - +0 helmet
rElec    .         Reflect  .   (no cloak)
rCorr    .         Harm     .   (no gloves)
MR       .....                  (no boots)
Stlth    +.........             (no amulet)
HPRegen  0.07/turn              (no ring)
MPRegen  0.08/turn              (no ring)

@: glowing
A: carnivore 3
a: Renounce Religion


You were on level 2 of the Dungeon.
You worshipped the Shining One.
The Shining One was aware of your devotion.
You were completely stuffed.

You visited 1 branch of the dungeon, and saw 2 of its levels.

You collected 64 gold pieces.

Inventory:

Hand Weapons
 a - a +0 rapier (weapon)
Missiles
 d - 3 throwing nets (quivered)
 o - 9 poisoned needles
Armour
 b - a +0 leather armour (worn)
 c - a +0 helmet (worn)
Scrolls
 e - a scroll of enchant armour {unknown}
 h - a scroll of recharging {unknown}
 i - a scroll of identify {unknown}
 j - 2 scrolls of fear {unknown}
 k - a scroll of remove curse {unknown}
Potions
 l - a potion of flight {unknown}
 m - a potion of haste {unknown}
 n - 2 potions of curing {unknown}
Comestibles
 f - 2 meat rations
 g - a royal jelly


   Skills:
 * Level 2.6 Fighting
 * Level 4.5 Short Blades
 - Level 2.1 Throwing
 * Level 4.0 Dodging
 * Level 0.8 Stealth


You had 2 spell levels left.
You didn't know any spells.

Dungeon Overview and Level Annotations

Branches:
Dungeon (2/15)

Altars:
The Shining One


Innate Abilities, Weirdness & Mutations

You are small and have problems with some larger weapons.
You are carnivorous and can eat meat at any time.


Message History

There is a stone staircase leading up here.
A rat comes into view.
You see here 9 poisoned needles.
o - 9 poisoned needles A leopard gecko comes into view.
You hit the leopard gecko.
The leopard gecko is almost dead.
The leopard gecko misses you.
You puncture the leopard gecko!
You kill the leopard gecko!
The rat misses you. The rat misses you.
You hit the rat.
You kill the rat!
There is a faded altar of an unknown god here.
You cannot tell which god this altar belongs to.
Convert to them anyway?
The Shining One accepts your prayer! The Shining One welcomes you!
You and your allies can gain power from killing the unholy and evil.
Are you sure you want to abandon this character and quit the game? (Confirm with "yes".)

#. ###. #.##
...... #...
##....... #...
.........
##...#.........
#...#.#........
#.!#._.#......
#...#.#.......
#...@#...###.
#........#
#.......###
####......#
###..###.#
#..<.....#
#.#...#..#
#.#......... #
#.......[.


There were no monsters in sight!

Vanquished Creatures
  A dart slug (D:1)
  A leopard gecko (D:2)
  5 goblins (D:1)
  2 hobgoblins (D:1)
  3 kobolds (D:1)
  2 bats (D:1)
  4 frilled lizards (D:1)
  A rat (D:2)
19 creatures vanquished.

Vanquished Creatures (others)
  4 toadstools (D:1)
4 creatures vanquished.

Grand Total: 23 creatures vanquished

Notes
Turn   | Place    | Note
-------+----------+-------------------------------------------
     0 | D:1      | Leibowitz the Kobold Gladiator began the quest for the Orb.
     0 | D:1      | Reached XP level 1. HP: 12/12 MP: 1/1
    96 | D:1      | Reached XP level 2. HP: 16/18 MP: 2/2
   378 | D:1      | Reached XP level 3. HP: 21/22 MP: 3/3
   590 | D:2      | Found a faded altar of an unknown god.
   604 | D:2      | Became a worshipper of the Shining One
   604 | D:2      | Reached * piety under the Shining One
   607 | D:2      | Quit the game

Vault maps used:
D:1:      ldierk_water_garden
D:2:      lemuel_round_altar, chequers_ecumenical_altar_simple_redux

Skill      XL: |  1  2 |
---------------+-------+-----
Dodging        | 4 |  4.0
Fighting       | |  2.6
Short Blades   | |  4.5
Throwing       | |  2.1
Stealth        | |  0.8

Action                   || total
-------------------------++-------
Melee: Rapier            ||    47
 Stab: Distracted        ||     1
       Sleeping          ||     1
  Eat: Chunk             ||     7
Armor: Leather armour    ||     6
Dodge: Dodged            ||    41

Table legend:
 A = Spawn XP
 B = Non-spawn XP
 C = Spawn XP percentage of total XP
 D = Spawn monster count
 E = Non-spawn monster count
 F = Spawn count percentage of total count
 G = Total turns spent on level
                    A         B        C        D         E        F      G
               +---------+---------+-------+---------+---------+-------+---------
         Total |       4 |      29 |  12.1 |       2 |      17 |  10.5 |   607
               +---------+---------+-------+---------+---------+-------+---------
           D:1 |       4 |      25 |  13.8 |       2 |      15 |  11.8 |   590
           D:2 |       0 |       4 |   0.0 |       0 |       2 |   0.0 |    17
               +---------+---------+-------+---------+---------+-------+---------
